 Dungeon Crawl Stone Soup version 0.21.1-1-g345015f (webtiles) character file.

326324 erloom the Slayer (level 21, -6/156 HPs)
             Began as a Gargoyle Gladiator on Feb 26, 2018.
             Was the Champion of the Shining One.
             Hit by a large rock thrown by a stone giant (21 damage)
             ... on level 1 of the Depths on Feb 28, 2018.
             The game lasted 02:52:22 (35235 turns).

erloom the Slayer (Gargoyle Gladiator)             Turns: 35235, Time: 02:52:23

Health: -6/156     AC: 46    Str: 30    XL:     21   Next: 64%
Magic:  0/34       EV: 12    Int: 11    God:    the Shining One [******]
Gold:   1953       SH:  0    Dex:  9    Spells: 36/38 levels left

rFire    . . .     SeeInvis +   P - +7 dire flail (elec)
rCold    . . .     Gourm    .   (shield currently unavailable)
rNeg     + + +     Faith    .   g - +7 chain mail of the Crypt {MR+ Int-3 Slay+3}
rPois    ∞         Spirit   +   c - +1 helmet
rElec    +         Reflect  .   Q - +1 cloak {MR+}
rCorr    +         Harm     .   R - +0 pair of gloves {Str+3}
MR       ++++.                  Y - +0 pair of boots of Mental Paralysis {Regen+}
Stlth    ..........             m - amulet "Caolazi" {Spirit MR+ Dex-2 SInv}
HPRegen  0.76/turn              x - ring of resist corrosion
MPRegen  0.24/turn              S - ring "Nehasm" {+Fly Int+4}

@: flying, glowing, studying Dodging
A: big wings, negative energy resistance 1, electricity resistance, unbreathing,
petrification resistance, rot immunity, AC +16
}: 2/15 runes: serpentine, barnacled
a: Stop Flying, Divine Shield, Cleansing Flame, Summon Divine Warrior, Brand
Weapon With Holy Wrath, Renounce Religion


You were on level 1 of the Depths.
You worshipped the Shining One.
The Shining One was exalted by your worship.
You were hungry.

You visited 7 branches of the dungeon, and saw 35 of its levels.
You also visited: Sewer, Ossuary and Bailey.

You collected 4427 gold pieces.
You spent 2474 gold pieces at shops.

Inventory:

Hand Weapons
 h - a +3 battleaxe of electrocution
 s - a +2 executioner's axe of distortion
 w - the +9 hunting sling of Lyocowk {flame, rC+}
   (You found it on level 9 of the Dungeon)

   It causes projectiles fired from it to burn those they strike, causing extra
   injury to most foes and up to half again as much damage against particularly
   susceptible opponents.
   It protects you from cold.
 P - a +7 dire flail of electrocution (weapon)
 Z - the +8 storm bow {elec}
   (You found it on level 3 of the Elven Halls)

   It charges the ammunition it shoots with electricity; occasionally upon a
   hit, such missiles may discharge and cause terrible harm.
Missiles
 d - 10 throwing nets (quivered)
 T - 119 arrows
Armour
 c - a +1 helmet (worn)
 g - the +7 chain mail of the Crypt (worn) {MR+ Int-3 Slay+3}
   (You found it on level 12 of the Dungeon)

   It affects your intelligence (-3).
   It affects your accuracy and damage with ranged weapons and melee attacks
   (+3).
   It affects your resistance to hostile enchantments.
 Q - a +1 cloak of magic resistance (worn)
 R - a +0 pair of gloves of strength (worn)
 Y - the +0 pair of boots of Mental Paralysis (worn) {Regen+}
   (You found it on level 12 of the Dungeon)

   It increases your rate of regeneration.
Jewellery
 j - the ring "Dupouch" {+Inv rC+ Str-5 SInv}
   (You acquired it on level 14 of the Dungeon)

   [ring of protection from cold]

   It affects your strength (-5).
   It protects you from cold.
   It lets you see invisible.
   It lets you turn invisible.
 m - the amulet "Caolazi" (around neck) {Spirit MR+ Dex-2 SInv}
   (You acquired it on level 5 of the Lair of Beasts)

   [amulet of guardian spirit]

   It causes incoming damage to be split between your health and magic.
   It affects your dexterity (-2).
   It affects your resistance to hostile enchantments.
   It lets you see invisible.
 x - a ring of resist corrosion (left hand)
 N - an uncursed ring of see invisible {unknown}
 S - the ring "Nehasm" (right hand) {+Fly Int+4}
   (You found it on level 8 of the Dungeon)

   [ring of flight]

   It affects your intelligence (+4).
   It lets you fly.
Wands
 v - a wand of acid (9)
 A - a wand of digging (8)
 D - a wand of iceblast (36)
 J - a wand of disintegration (43)
Scrolls
 b - a scroll of silence
 e - a scroll of summoning
 i - 14 scrolls of teleportation
 o - 3 scrolls of identify
 p - 19 scrolls of remove curse
 E - 7 scrolls of fear
 F - a scroll of amnesia
 G - 14 scrolls of fog
 H - 6 scrolls of blinking
 O - a scroll of holy word
Potions
 k - 7 potions of heal wounds
 l - 5 potions of berserk rage
 q - 4 potions of resistance
 t - 5 potions of haste
 u - 18 potions of curing
 z - 5 potions of cancellation
 I - a potion of might
Books
 n - a manual of Dodging
Miscellaneous
 a - a phantom mirror
 K - a box of beasts
 W - a crystal ball of energy
Comestibles
 f - 63 rations
 r - 2 chunks of flesh


   Skills:
 * Level 24.2 Fighting
 - Level 8.3(11.2) Axes
 - Level 13.0(14.0) Maces & Flails
 - Level 1.7 Throwing
 + Level 17.4 Armour
 + Level 7.0 Dodging
 - Level 9.4 Spellcasting
 + Level 1.8 Translocations
 - Level 11.9 Invocations
 - Level 10.1 Evocations


You had 36 spell levels left.
You knew the following spells:

 Your Spells              Type           Power        Failure   Level  Hunger
a - Blink                 Tloc           N/A          28%         2    None


Dungeon Overview and Level Annotations

Branches:
Dungeon (15/15)            Temple (0/1) D:7            Lair (6/6) D:8
 Shoals (4/4) Lair:4        Snake (4/4) Lair:2        Slime (0/5) Lair:6
    Orc (2/2) D:11            Elf (3/3) Orc:2        Vaults (0/5) D:13
 Depths (1/5) D:15

Altars:
Dithmenos
Gozag
Kikubaaqudgha
Makhleb
Nemelex Xobeh
Okawaru
Ru
Trog
Uskayaw
Vehumet
Xom
Yredelemnul
The Shining One

Shops:
D:5 *   D:9 (   D:11 [(   D:12 %   D:13 [   D:14 ?!}*   D:15 %(*=*
Orc:2 =:(*[   Elf:1 *   Elf:3 %   Shoals:4 *   Snake:1 *?%

Portals:
Hell: Depths:1


Innate Abilities, Weirdness & Mutations

You are resistant to torment.
Your stone body is resilient. (AC +16)
You are immune to poison.
Your large and strong wings let you fly indefinitely.
You resist negative energy. (rN+)
You are resistant to electric shocks. (rElec)
You can survive without breathing.
You are immune to petrification.
You are immune to rotting.


Message History

The frost giant is almost dead.
You are feeling hungry.
The frost giant gestures at you while chanting.
The bolt of cold hits you! The fire giant casts a spell at you.
The bolt of fire hits you!
Your chain mail of the Crypt prevents you from hitting the frost giant.
The frost giant is almost dead.
You puncture the frost giant!
You kill the frost giant!
The fire giant gestures at you while chanting.
The bolt of fire hits you!
The fire giant points at you and mumbles some strange words.
The bolt of fire hits you!
The fire giant gestures at you while chanting.
The fireball explodes!
The fireball engulfs you!
* * * LOW HITPOINT WARNING * * *
You hear a shout!
The stone giant throws a large rock.
The large rock hits you!!
You die...

.## ... .... .....
...##################
......C..$.........
#.##.............#
#.....##.....##...
#@##.()..........#
#..#..##..#..##. #
#..##..# # #. ## ...
#...#..# # #. #
......#...##C. ##. ######
......#.#..#..# #..
.....# #......#.#..##..
##..
#.#..####......#.##..#..#
#..#
...............#..#..##
##..#


You could see a stone giant.

Vanquished Creatures
  Saint Roka (Elf:3)
  Nikola (Shoals:2)
  Jorgrun (Elf:2)
  2 deep elf blademasters
  Polyphemus (Shoals:3)
  3 deep elf master archers (Elf:3)
  Kirke (D:15)
  Frances (Snake:2)
  The ghost of czar the Ninja, an adept SpEn of Dithmenos (Shoals:3)
  Roxanne (Elf:1)
  12 nagarajas
  A frost giant (Depths:1)
  Ilsuiw (Shoals:4)
  3 orc warlords
  Aizul (Snake:1)
  4 deep elf sorcerers (Elf:3)
  A juggernaut zombie (Depths:1)
  6 deep elf elementalists
  11 deep elf demonologists (Elf:3)
  4 stone giants
  Azrael (Orc:2)
  11 deep elf annihilators
  A dire elephant (D:15)
  A spark wasp (Depths:1)
  4 merfolk javelineers
  The ghost of cada the Grappler, a journeyman TrHu of Okawaru (D:12)
  2 deep elf death magi (Elf:3)
  3 ettins
  Josephine (D:11)
  7 merfolk impalers
  4 fire dragons
  3 deep elf high priests
  Erolcha (D:9)
  An ice dragon (Depths:1)
  3 vault guards (D:13)
  The ghost of shakethe the Cleaver, a journeyman DsGl of Cheibriados (D:11)
  27 naga warriors
  A merfolk avatar (Shoals:4)
  A catoblepas (Shoals:3)
  2 hydras
  2 merfolk aquamancers (Shoals:4)
  A death knight (D:13)
  2 satyrs
  12 anacondas
  6 centaur warriors
  12 death yaks
  The ghost of Nr616 the Severer, a novice HOBe of Trog (D:9)
  2 alligator snapping turtles (Shoals:4)
  A deep troll earth mage (Depths:1)
  6 two-headed ogres
  33 dancing weapons
  7 shock serpents
  13 naga sharpshooters
  An orc high priest (Elf:3)
  Sonja (D:11)
  13 spriggans (Lair:6)
  13 deep elf knights
  2 salamander mystics (Snake:3)
  15 sea snakes
  3 large abominations (Elf:3)
  A skeletal warrior (D:13)
  An unseen horror (D:13)
  A glowing orange brain (D:15)
  A phantasmal warrior (D:13)
  A wolf spider zombie (D:15)
  19 harpies
  3 wizards
  9 naga ritualists
  10 deep elf archers
  63 deep elf magi
  A necromancer (Depths:1)
  2 orc knights
  14 ugly things
  15 manticores
  7 mana vipers
  7 orc sorcerers
  A wolf spider (D:15)
  A tengu skeleton (Depths:1)
  A faun (Shoals:1)
  14 cyclopes
  11 salamanders
  11 merfolk sirens
  A guardian serpent (shapeshifter) (D:13)
  5 guardian serpents
  11 elephants (Lair:4)
  26 naga magi
  38 black mambas
  A gargoyle (D:10)
  3 water nymphs
  2 torpor snails
  Maurice (D:9)
  3 yaktaurs
  12 spiny frogs
  A kobold demonologist (D:12)
  3 centaur skeletons
  2 rime drakes
  2 freezing wraiths
  10 komodo dragons
  2 tengu conjurers (D:15)
  A queen bee (Lair:3)
  A queen bee (shapeshifter) (Depths:1)
  3 wind drakes
  Grinder (D:3)
  23 merfolk
  6 trolls
  7 polar bears
  3 blink frogs (Lair:3)
  7 snapping turtles
  7 hornets (Lair:6)
  5 slime creatures
  16 dream sheep
  2 meliai zombies
  A fire giant simulacrum (Depths:1)
  15 hippogriffs
  An air elemental (Elf:3)
  6 wraiths
  2 shadows
  A yak (shapeshifter) (Depths:1)
  9 water elementals
  Sigmund (D:3)
  4 fire elementals
  A human (shapeshifter) (D:14)
  59 yaks
  6 wyverns
  Grum (D:9)
  3 basilisks
  4 hungry ghosts
  A steam dragon (D:11)
  5 vampire mosquitoes
  5 wargs (Orc:1)
  Menkaure (D:6)
  44 nagas
  A soldier ant (D:14)
  6 porcupines
  4 hell hounds (Orc:2)
  14 water moccasins
  Purgy (D:3)
  5 sky beasts
  A black bear (Lair:6)
  43 orc warriors
  6 ice beasts
  3 boggarts (Lair:6)
  39 wolves
  12 centaurs
  4 phantoms
  14 crocodiles
  17 ogres
  A centaur (shapeshifter) (Elf:3)
  3 big kobolds
  An elf zombie (Ossuary)
  22 bullfrogs
  2 wyvern zombies
  4 earth elementals
  4 scorpions
  A wyvern skeleton (D:13)
  A hornet simulacrum (D:15)
  41 killer bees
  19 wights
  2 electric eels (Lair:3)
  3 howler monkeys (D:11)
  10 crimson imps
  2 bullfrog zombies (D:12)
  2 centaur zombies
  5 jellies
  Crazy Yiuf (D:3)
  25 orc priests
  2 bullfrog skeletons
  10 hounds
  36 orc wizards
  3 iguanas
  Jessica (D:2)
  Natasha (D:3)
  14 worker ants
  A big kobold zombie (Ossuary)
  2 hound skeletons
  4 mummies (Ossuary)
  A howler monkey skeleton (D:4)
  12 adders
  4 shadow imps
  An ooze (shapeshifter) (Depths:1)
  11 oozes (Sewer)
  An adder zombie (D:5)
  2 adder skeletons (D:6)
  3 worms (D:3)
  3 dart slugs (D:1)
  13 leopard geckos
  106 orcs
  17 giant cockroaches
  A gnoll zombie (Ossuary)
  10 goblins
  6 hobgoblins
  6 jackals
  8 quokkas
  12 ball pythons
  10 bats
  22 frilled lizards
  A goblin zombie (Ossuary)
  4 hobgoblin zombies (Ossuary)
  2 jackal zombies (Ossuary)
  19 kobolds
  2 orc zombies (Ossuary)
  A quokka skeleton (D:6)
  11 rats
  2 fungi (Lair:6)
  11 plants
1543 creatures vanquished.

Vanquished Creatures (collateral kills)
  A deep elf mage (Elf:3)
1 creature vanquished.

Vanquished Creatures (others)
  2 merfolk aquamancers (Shoals:4)
  A deep elf mage (Elf:2)
  A centaur skeleton (D:15)
  3 humans (D:15)
  A centaur (D:14)
  An orc (Orc:2)
  25 fungi
  3 plants
37 creatures vanquished.

Grand Total: 1581 creatures vanquished

Notes
Turn   | Place    | Note
-------+----------+-------------------------------------------
     0 | D:1      | erloom the Gargoyle Gladiator began the quest for the Orb.
     0 | D:1      | Reached XP level 1. HP: 12/12 MP: 1/1
    64 | D:1      | Reached XP level 2. HP: 18/18 MP: 2/2
   319 | D:1      | Reached skill level 3 in Fighting
   435 | D:1      | Reached XP level 3. HP: 23/23 MP: 3/3
   752 | D:2      | Noticed Jessica
   756 | D:2      | Killed Jessica
   902 | D:2      | Reached XP level 4. HP: 28/28 MP: 4/4
  1372 | D:2      | Found a bloodstained altar of Trog.
  1372 | D:2      | Found a burning altar of Makhleb.
  1495 | D:3      | Noticed Grinder
  1497 | D:3      | Found a sacrificial altar of Ru.
  1539 | D:3      | Killed Grinder
  1539 | D:3      | Reached skill level 5 in Fighting
  1539 | D:3      | Reached skill level 5 in Maces & Flails
  1539 | D:3      | Reached XP level 5. HP: 12/35 MP: 5/5
  1539 | D:3      | Reached XP level 6. HP: 14/40 MP: 6/6
  1824 | D:3      | Noticed Sigmund
  1835 | D:3      | Killed Sigmund
  1835 | D:3      | Reached skill level 1 in Armour
  1835 | D:3      | Reached XP level 7. HP: 42/45 MP: 7/7
  1934 | D:3      | Found a glowing golden altar of the Shining One.
  1970 | D:3      | Noticed Natasha
  1979 | D:3      | Killed Natasha
  2005 | D:3      | Became a worshipper of the Shining One
  2043 | D:3      | Noticed Purgy
  2063 | D:3      | Killed Purgy
  2063 | D:3      | Reached skill level 6 in Fighting
  2077 | D:3      | Found a faded altar of an unknown god.
  2229 | D:3      | Found a runed door.
  2233 | D:3      | Noticed Crazy Yiuf
  2243 | D:3      | Killed Crazy Yiuf
  2361 | D:3      | Found a shimmering altar of Xom.
  2529 | D:4      | Found a sand-covered staircase.
  2535 | Ossuary  | Entered an ossuary
  2535 | Ossuary  | Reached * piety under the Shining One
  2649 | Ossuary  | Reached XP level 8. HP: 52/52 MP: 8/8
  2862 | D:4      | Reached ** piety under the Shining One
  2910 | D:4      | Found an iron altar of Okawaru.
  3113 | D:4      | Reached skill level 7 in Fighting
  3443 | D:5      | Entered Level 5 of the Dungeon
  3507 | D:5      | Found a glowing drain.
  3536 | Sewer    | Entered a sewer
  3853 | Sewer    | Reached skill level 5 in Armour
  4100 | D:5      | Reached XP level 9. HP: 58/59 MP: 9/9
  4295 | D:5      | Found an opulent altar of Gozag.
  4297 | D:5      | Found Gozag's Platinum Reserve.
  4681 | D:6      | Reached skill level 8 in Fighting
  4756 | D:6      | Noticed Menkaure
  4765 | D:6      | Killed Menkaure
  4802 | D:6      | Found a hide-covered altar of Uskayaw.
  4802 | D:6      | Reached *** piety under the Shining One
  5498 | D:7      | Reached skill level 9 in Fighting
  5805 | D:7      | Reached skill level 1 in Axes
  5945 | D:7      | Found a shadowy altar of Dithmenos.
  5947 | D:7      | Reached XP level 10. HP: 66/66 MP: 10/10
  6317 | D:8      | Reached **** piety under the Shining One
  6511 | D:8      | Found a staircase to the Lair.
  6520 | D:8      | Got a vibrating silver ring
  6521 | D:8      | Identified the ring "Nehasm" {+Fly Int+4} (You found it on level 8 of the Dungeon)
  6623 | D:8      | Found a sparkling altar of Nemelex Xobeh.
  6623 | D:8      | Found a basalt altar of Yredelemnul.
  7003 | D:7      | Found a staircase to the Ecumenical Temple.
  7040 | Lair:1   | Entered Level 1 of the Lair of Beasts
  7051 | D:8      | Reached skill level 10 in Fighting
  7712 | Lair:1   | Reached XP level 11. HP: 64/73 MP: 11/11
  7747 | Lair:1   | Reached skill level 5 in Axes
  8022 | D:9      | Noticed Erolcha
  8027 | D:9      | Killed Erolcha
  8027 | D:9      | Reached skill level 11 in Fighting
  8045 | D:9      | Noticed Maurice
  8054 | D:9      | Killed Maurice
  8054 | D:9      | Reached skill level 10 in Armour
  8128 | D:9      | Got a faintly glowing hunting sling
  8177 | D:9      | Noticed Grum
  8205 | D:9      | Killed Grum
  8216 | D:9      | Found a flagged portal.
  8221 | Bailey   | Entered a bailey
  8363 | Bailey   | Noticed a deep elf mage
  8370 | Bailey   | Killed a deep elf mage
  8439 | Bailey   | Noticed a deep elf mage
  8440 | Bailey   | Noticed a deep elf mage
  8440 | Bailey   | Noticed a deep elf mage
  8441 | Bailey   | Noticed a deep elf mage
  8441 | Bailey   | Noticed a deep elf mage
  8446 | Bailey   | Killed a deep elf mage
  8456 | Bailey   | Killed a deep elf mage
  8463 | Bailey   | Killed a deep elf mage
  8466 | Bailey   | Killed a deep elf mage
  8470 | Bailey   | Killed a deep elf mage
  8551 | Bailey   | Noticed a deep elf archer
  8562 | Bailey   | Killed a deep elf archer
  8673 | Bailey   | Noticed a deep elf mage
  8673 | Bailey   | Noticed a deep elf mage
  8673 | Bailey   | Noticed a deep elf mage
  8681 | Bailey   | Killed a deep elf mage
  8681 | Bailey   | Reached skill level 12 in Fighting
  8685 | Bailey   | Killed a deep elf mage
  8691 | Bailey   | Killed a deep elf mage
  8858 | Bailey   | Noticed a deep elf mage
  8871 | Bailey   | Killed a deep elf mage
  8871 | Bailey   | Reached XP level 12. HP: 74/81 MP: 12/12
  8995 | D:9      | Found Nonin's Antique Weapon Emporium.
  9413 | D:9      | Noticed Nr616's ghost (novice HOBe)
  9424 | D:9      | Killed Nr616's ghost
  9705 | D:10     | Entered Level 10 of the Dungeon
  9787 | D:10     | Noticed a two-headed ogre
  9791 | D:10     | Killed a two-headed ogre
 10034 | D:10     | Reached skill level 13 in Fighting
 10067 | D:10     | Noticed a centaur warrior
 10072 | D:10     | Killed a centaur warrior
 10281 | D:11     | Reached ***** piety under the Shining One
 10286 | D:11     | Noticed shakethe's ghost (journeyman DsGl)
 10299 | D:11     | Reached skill level 1 in Evocations
 10320 | D:11     | Killed shakethe's ghost
 10408 | D:11     | Noticed Sonja
 10412 | D:11     | Killed Sonja
 10524 | D:11     | Found Usemohaor's Weapon Shoppe.
 10525 | D:11     | Found a staircase to the Orcish Mines.
 10525 | D:11     | Found Duenuacy's Armour Shoppe.
 10539 | D:11     | Reached XP level 13. HP: 88/89 MP: 14/14
 10660 | D:11     | Noticed Josephine
 10677 | D:11     | Killed Josephine
 10681 | D:11     | Reached skill level 14 in Fighting
 11106 | D:12     | Got a slimy chain mail
 11107 | D:12     | Noticed cada's ghost (journeyman TrHu)
 11129 | D:12     | Killed cada's ghost
 11182 | D:11     | Identified the +7 chain mail of the Crypt {MR+ Int-3 Slay+3} (You found it on level 12 of the Dungeon)
 11315 | D:12     | Reached ****** piety under the Shining One
 11374 | D:12     | Got a pair of scorched boots
 11481 | D:12     | Found Kiakid's Food Boutique.
 11564 | D:12     | Reached skill level 10 in Maces & Flails
 11594 | D:12     | Reached skill level 1 in Invocations
 11619 | D:12     | Identified the +0 pair of boots of Mental Paralysis {Regen+} (You found it on level 12 of the Dungeon)
 11966 | D:13     | Reached skill level 15 in Fighting
 12027 | D:13     | Noticed a vault guard
 12049 | D:13     | Killed a vault guard
 12085 | D:13     | Reached skill level 5 in Evocations
 12151 | D:13     | Found a gate to the Vaults.
 12317 | D:13     | Gained mutation: Your large and strong wings let you fly indefinitely. [Gargoyle growth]
 12317 | D:13     | Reached XP level 14. HP: 32/98 MP: 16/18
 12618 | D:13     | Found Winnuo's Armour Shoppe.
 13321 | Lair:2   | Found a staircase to the Snake Pit.
 14283 | Lair:3   | Reached skill level 16 in Fighting
 14283 | Lair:3   | Reached skill level 5 in Invocations
 16073 | Lair:4   | Found a staircase to the Shoals.
 16276 | Lair:5   | Reached XP level 15. HP: 105/105 MP: 20/20
 16449 | Lair:5   | Identified a scroll of acquirement
 16453 | Lair:5   | Got a brightly glowing emerald amulet
 16457 | Lair:5   | Identified the amulet "Caolazi" {Spirit MR+ Dex-2 SInv} (You acquired it on level 5 of the Lair of Beasts)
 17029 | Lair:6   | Entered Level 6 of the Lair of Beasts
 17038 | Lair:5   | Reached skill level 17 in Fighting
 17692 | Lair:6   | Found a staircase to the Slime Pits.
 18505 | Orc:1    | Entered Level 1 of the Orcish Mines
 18513 | Orc:1    | Noticed an orc warlord
 18616 | D:11     | Killed an orc warlord
 19041 | Orc:2    | Entered Level 2 of the Orcish Mines
 19041 | Orc:2    | Noticed an orc warlord
 19080 | Orc:1    | Killed an orc warlord
 19174 | Orc:2    | Noticed an orc warlord
 19290 | Orc:1    | Reached skill level 18 in Fighting
 19309 | Orc:1    | Reached XP level 16. HP: 94/114 MP: 18/22
 19508 | Orc:2    | Found Seqit's Book Emporium.
 19694 | Orc:2    | Found Saadd's Antique Weapon Boutique.
 19924 | Orc:2    | Found Idghuc Minka's Antique Armour Shop.
 19964 | Orc:2    | Found Taniqom's General Store.
 19972 | Orc:2    | Bought a scroll of identify for 26 gold pieces
 19972 | Orc:2    | Bought a scroll of summoning for 123 gold pieces
 19972 | Orc:2    | Bought a potion of curing for 39 gold pieces
 19972 | Orc:2    | Bought a potion of curing for 39 gold pieces
 20043 | Orc:2    | Noticed Azrael
 20054 | Orc:2    | Killed Azrael
 20174 | Orc:2    | Found a staircase to the Elven Halls.
 20205 | Orc:2    | Found Jurich's Jewellery Shoppe.
 20534 | D:14     | Found Lyerok's Magic Scroll Shoppe.
 20582 | D:14     | Bought a scroll of acquirement for 936 gold pieces
 20582 | D:14     | Bought a scroll of enchant weapon for 135 gold pieces
 20582 | D:14     | Bought a scroll of teleportation for 54 gold pieces
 20586 | D:14     | Got a warped copper ring
 20588 | D:14     | Identified the ring "Dupouch" {+Inv rC+ Str-5 SInv} (You acquired it on level 14 of the Dungeon)
 20760 | D:14     | Found Giocinah's Gadget Shop.
 20930 | D:14     | Got a translucent ring mail
 20933 | D:14     | Identified the +9 hunting sling of Lyocowk {flame, rC+} (You found it on level 9 of the Dungeon)
 20934 | D:14     | Identified the +5 ring mail of the Catamount {Int+5 Stlth+} (You found it on level 14 of the Dungeon)
 20948 | D:14     | Found a sacrificial altar of Ru.
 21006 | D:14     | Found Pooheir's Distillery.
 21024 | D:14     | Bought a potion of heal wounds for 90 gold pieces
 21024 | D:14     | Bought a potion of heal wounds for 90 gold pieces
 21024 | D:14     | Bought a potion of heal wounds for 90 gold pieces
 21024 | D:14     | Bought a potion of haste for 180 gold pieces
 21035 | D:14     | Found Ifakois's General Store.
 21184 | D:15     | Entered Level 15 of the Dungeon
 21370 | D:15     | Found Quajud's Weapon Shop.
 21523 | D:15     | Found a staircase to the Depths.
 21578 | D:15     | Found Pirript's Food Emporium.
 21632 | D:15     | Found Betrut's General Store.
 21650 | D:15     | Noticed Kirke
 21667 | D:15     | Killed Kirke
 21754 | D:15     | Found Zuogh's Assorted Antiques.
 21796 | D:15     | Bought 2 fuming grey potions for 57 gold pieces
 21913 | D:15     | Found Lesat's Jewellery Shop.
 22221 | Depths:1 | Entered Level 1 of the Depths
 22457 | Snake:1  | Entered Level 1 of the Snake Pit
 22490 | Snake:1  | Noticed Aizul
 22507 | Snake:1  | Killed Aizul
 22887 | Snake:1  | Reached skill level 19 in Fighting
 22944 | Snake:1  | Reached skill level 10 in Invocations
 22983 | Snake:1  | Found Kuibo's Assorted Antiques.
 22985 | Snake:1  | Found Ufeto's Magic Scroll Boutique.
 22987 | Snake:1  | Found Bujuiss's Food Shop.
 22993 | Snake:1  | Bought a scroll of enchant weapon for 97 gold pieces
 22993 | Snake:1  | Bought a scroll of blinking for 97 gold pieces
 22999 | Snake:1  | Bought a sparkling gossamer ring for 190 gold pieces
 23011 | Snake:1  | Identified the ring of Moerius {Fire Dex+4} (You bought it in a shop on level 1 of the Snake Pit)
 23278 | Snake:2  | Reached XP level 17. HP: 97/122 MP: 12/24
 23759 | Snake:2  | Noticed Frances
 23782 | Snake:2  | Reached skill level 10 in Evocations
 23909 | Snake:2  | Killed Frances
 24706 | Snake:3  | Reached skill level 20 in Fighting
 25107 | Snake:3  | Got a polished chain mail
 25109 | Snake:3  | Identified the +8 chain mail of Space {+Inv rC+ MR- Int+3 Dex+3} (You found it on level 3 of the Snake Pit)
 25197 | Snake:3  | Found an ancient bone altar of Kikubaaqudgha.
 25345 | Snake:4  | Entered Level 4 of the Snake Pit
 25360 | Snake:4  | Reached XP level 18. HP: 104/129 MP: 20/26
 25642 | Shoals:1 | Entered Level 1 of the Shoals
 26209 | Shoals:2 | Reached skill level 1 in Spellcasting
 26414 | Shoals:2 | Got an ancient mace
 26599 | Shoals:2 | Noticed Nikola
 26613 | Shoals:2 | Killed Nikola
 26779 | Shoals:3 | Reached skill level 21 in Fighting
 26781 | Shoals:3 | Identified the +8 mace of Makhleb's Wrath {pain, rC+ MR+} (You found it on level 2 of the Shoals)
 26824 | Shoals:3 | Noticed Polyphemus
 26846 | Shoals:3 | Killed Polyphemus
 26955 | Shoals:3 | Got a vibrating pewter amulet
 26957 | Shoals:3 | Identified the amulet of the Red Skies {Spirit Fragile rC+ Dex+4} (You acquired it on level 3 of the Shoals)
 27122 | Shoals:3 | Noticed czar's ghost (adept SpEn)
 27142 | Shoals:3 | Killed czar's ghost
 27321 | Shoals:4 | Entered Level 4 of the Shoals
 27505 | Shoals:4 | Reached skill level 15 in Armour
 27536 | Shoals:4 | Got a warped rapier
 27606 | Shoals:4 | Identified the +6 rapier of Understanding {freeze, +Inv rElec} (You found it on level 4 of the Shoals)
 27641 | Shoals:4 | Got an ichor-stained quarterstaff {flame}
 27689 | Shoals:4 | Found Iheiq's General Store.
 27703 | Shoals:4 | Bought a potion of curing for 66 gold pieces
 27703 | Shoals:4 | Bought a scroll of blinking for 165 gold pieces
 27979 | Shoals:4 | Reached XP level 19. HP: 117/138 MP: 23/27
 28042 | Shoals:4 | Got a barnacled rune of Zot
 28110 | Shoals:4 | Got a twisted chain mail
 28111 | Shoals:4 | Identified the cursed +0 chain mail "Febenn" {rF+ Int+2} (You found it on level 4 of the Shoals)
 28222 | Shoals:4 | Noticed Ilsuiw
 28243 | Shoals:4 | Killed Ilsuiw
 28306 | Shoals:4 | Reached skill level 5 in Spellcasting
 29272 | Snake:4  | Reached skill level 22 in Fighting
 29760 | Snake:4  | Got a serpentine rune of Zot
 30061 | Elf:1    | Entered Level 1 of the Elven Halls
 30083 | Elf:1    | Found a radiant altar of Vehumet.
 30291 | Elf:1    | Found Zegol's General Store.
 30347 | Elf:1    | Reached XP level 20. HP: 111/147 MP: 22/30
 30565 | Elf:1    | Noticed Roxanne
 30638 | Elf:1    | Reached skill level 5 in Dodging
 31103 | Elf:1    | Killed Roxanne
 31456 | Elf:2    | Noticed Jorgrun
 31472 | Elf:2    | Killed Jorgrun
 31616 | Elf:2    | Found a runed gate.
 31616 | Elf:2    | Found a runed gate.
 31617 | Elf:2    | Found a runed gate.
 32380 | Elf:2    | Reached skill level 23 in Fighting
 32389 | Elf:2    | HP: 7/148 [glaive of chopping (15)]
 33045 | Elf:3    | Entered Level 3 of the Elven Halls
 33363 | Elf:3    | Noticed Saint Roka
 33381 | Elf:3    | Killed Saint Roka
 33456 | Elf:3    | Found Sedghuq's Food Emporium.
 33612 | Elf:3    | Reached XP level 21. HP: 154/154 MP: 33/33
 33847 | Elf:3    | Reached skill level 24 in Fighting
 33989 | Elf:3    | Found the +8 storm bow {elec}
 34043 | Elf:3    | Identified the Incunabulum of the Aerial Snowflakes
 34047 | Elf:3    | Identified the Reference Book on Blistering Conjuration
 34130 | Elf:3    | Got a crystal triple sword
 34243 | Elf:3    | Got a dazzling scale mail
 34256 | Elf:3    | Identified the cursed +0 scale mail of Apathy {rPois rN+ MR+ Dex+4} (You found it on level 3 of the Elven Halls)
 34302 | Elf:3    | Identified the cursed +1 triple sword of Dominance {freeze, *Corrode rPois Str+4} (You found it on level 3 of the Elven Halls)
 34567 | Lair:1   | Learned a level 2 spell: Blink
 34933 | Depths:1 | Reached skill level 1 in Translocations
 35098 | Depths:1 | Found a gateway to Hell.
 35235 | Depths:1 | Hit by a large rock thrown by a stone giant

Skill      XL: |  1  2  3  4  5  6  7  8  9 10 11 12 13 14 15 16 17 18 19 20 21 |
---------------+----------------------------------------------------------------+-----
Fighting       | 3 5 6 7 9 10 12 13 15 16 18 19 20 21 22 23 24 | 24.2
Maces & Flails | 4 5 6 7 8 9 10 11 12 13 | 13.0
Armour         | 1 3 5 7 9 11 12 13 14 15 16 17 | 17.4
Axes           | 1 4 7 8 |  8.3
Evocations     | 2 5 7 8 9 10 | 10.1
Invocations    | 3 6 8 10 11 | 11.9
Spellcasting   | 4 6 8 9 |  9.4
Dodging        | 4 6 7 |  7.0
Translocations | 1 |  1.8
Throwing       | |  1.7

Action                   |  1- 3 |  4- 6 |  7- 9 | 10-12 | 13-15 | 16-18 | 19-21 || total
-------------------------+-------+-------+-------+-------+-------+-------+-------++-------
Melee: Flail             |    60 |   112 |   528 |       |       |       |       ||   700
       Battleaxe         |       |       |    15 |    83 |       |       |     5 ||   103
       Dire flail        |       |       |       |   377 |  1443 |  1510 |  1219 ||  4549
Invok: Divine Shield     |       |       |       |       |     4 |     6 |     4 ||    14
       Cleansing Flame   |       |       |       |       |       |     2 |     1 ||     3
       Summon Divine War |       |       |       |       |       |       |     1 ||     1
 Abil: Fly               |       |       |       |       |     1 |       |       ||     1
Evoke: Wand              |       |       |       |     3 |       |       |       ||     3
  Use: Scroll            |       |       |    18 |     8 |    11 |    18 |     9 ||    64
       Potion            |       |       |       |     1 |     3 |     4 |     6 ||    14
  Eat: Chunk             |       |     3 |    18 |    16 |    30 |    22 |    14 ||   103
       Ration            |       |       |       |       |       |     3 |     3 ||     6
Armor: Leather armour    |    28 |       |       |       |       |       |       ||    28
       Scale mail        |       |    71 |   358 |   259 |    66 |       |       ||   754
       Chain mail        |       |       |       |       |   908 |  1108 |   718 ||  2734
Dodge: Dodged            |    62 |    86 |   349 |   226 |   550 |   539 |   401 ||  2213
Block: Other             |       |       |       |       |    62 |    65 |    35 ||   162
